 Dungeon Crawl Stone Soup version 0.31-a0-1074-g0b22e4e0f1 (webtiles) character file.

Game seed: 7584722119164444298

53 BigPumpCobain the Changeling (level 3, 0/27 HPs)
             Began as a Merfolk Shapeshifter on Dec 4, 2023.
             Slain by a worm (11 damage)
             ... on level 2 of the Dungeon.
             The game lasted 00:01:53 (995 turns).

BigPumpCobain the Changeling (Merfolk Shapeshifter)  Turns: 995, Time: 00:01:53

Health: 0/27       AC:  2    Str: 16    XL:     3   Next: 87%
Magic:  3/3        EV: 17    Int:  9    God:
Gold:   48         SH:  0    Dex: 13    Spells: 2/2 levels left

rFire   . .          .
                       - Unarmed
rCold   . . .        (no shield)
rNeg    . . .        a - +0 animal skin
rPois   .            (helmet currently unavailable)
rElec   .            (cloak currently unavailable)
rCorr   .            (gloves currently unavailable)
SInv    .            (boots currently unavailable)
Will    .....        (no amulet)
Stlth   +            e - +5 ring of evasion
HPRegen 0.24/turn    (no ring)
MPRegen 0.08/turn

%: no passive effects
@: beast-form
A: beast (slay +2), (nimble swimmer 2), mertail
a: Begin Untransformation


You were on level 2 of the Dungeon.
You were a hulking beast.
You visited 1 branch of the dungeon, and saw 2 of its levels.

You collected 48 gold pieces.

Inventory:

Armour
 a - a +0 animal skin (worn)
 k - a +1 leather armour of poison resistance
Jewellery
 e - a +5 ring of evasion (left hand)
Talismans
 c - a beast talisman
 d - a flux talisman
Scrolls
 f - 3 scrolls of teleportation {unknown}
 h - a scroll of brand weapon {unknown}
 i - 2 scrolls of identify {unknown}
 j - a scroll of amnesia {unknown}
Potions
 b - a potion of lignification
 g - a potion of invisibility {unknown}


   Skills:
 + Level 2.1 Fighting
 - Level 2.6 Dodging
 * Level 4.3 Unarmed Combat
 + Level 4.5 Shapeshifting


You had 2 spell levels left.
You didn't know any spells.
Your spell library contained the following spells:

 Spells                   Type           Power      Damage    Failure   Level
 Apportation              Tloc           0%         N/A       38%         1
 Necrotise                Necr           0%         1d4       38%         1
 Summon Small Mammal      Summ           0%         N/A       38%         1


Dungeon Overview and Level Annotations

Branches:
Dungeon (2/15)

Altars:

Annotations:
D:1 1 transporter


Innate Abilities, Weirdness & Mutations

You are a hulking beast.
Your limbs bulge with bestial killing power. (Slay +2)
((You are very nimble when in or above water. (Stealth+, EV+, Speed+++)))
Your lower body shifts to a powerful aquatic tail in water.


Message History

A goblin comes into view. It is wielding a +0 club.
The goblin shouts!
You punch the goblin!
You kill the goblin!
No target in view!
No target in view!
No target in view!
No target in view!
No target in view!
No target in view!
No target in view!
No target in view!
j - a scroll labelled EJASSOQECO
Found a stone staircase leading down.
Found a stone staircase leading up.
You see here a +1 leather armour of poison resistance.
k - a +1 leather armour of poison resistance A worm comes into view.
You punch the worm!
The worm is heavily wounded.
The worm bites you!
You barely miss the worm.
The worm is heavily wounded.
The worm bites you!
You are too injured to fight recklessly!
You are too injured to fight recklessly!
You are too injured to fight recklessly!
You are too injured to fight recklessly!
You are too injured to fight recklessly!
You are too injured to fight recklessly!
You are too injured to fight recklessly!
You are too injured to fight recklessly!
You are too injured to fight recklessly!
You are too injured to fight recklessly!
You barely miss the worm.
The worm is heavily wounded.
You hit the worm.
The worm is severely wounded.
The worm bites you!
You die...

..#.###.##....###....###
..#.#...###...# ######
..#.##.## #.#.######
.......## #.#......#
.......<# #.######.##
...###### #.........#
...# #####.##.##
...####### ###.##.#
.........# #...hw.#
..>......# #.#.####
###......# #.#.# #
#......# # #.# #
#......# #.# # ########
#.# #.# #.


You could see a worm.

Vanquished Creatures
  An adder (D:2)
  A dart slug (D:2)
  3 ball pythons (D:1)
  A bat (D:1)
  5 endoplasms
  2 giant cockroaches
  7 goblins
  A hobgoblin (D:1)
  4 jackals (D:1)
  3 kobolds
  2 quokkas (D:1)
  3 frilled lizards
  5 rats (D:1)
38 creatures vanquished.

Notes
Turn   | Place    | Note
-------+----------+-------------------------------------------
     0 | D:1      | BigPumpCobain the Merfolk Shapeshifter began the quest for
                  | the Orb.
     0 | D:1      | Reached XP level 1. HP: 15/15 MP: 1/1
    58 | D:1      | Reached XP level 2. HP: 16/21 MP: 2/2
   283 | D:1      | Reached XP level 3. HP: 27/27 MP: 3/3
   501 | D:1      | Found a faded altar of an unknown god.
   995 | D:2      | Slain by a worm

Illustrated notes

Levels and vault maps discovered:
D:1:      spicycebolla_arrival_risky_transporter, layout_rooms,
          shapermc_ecumenical_altar_flowoftime
D:2:      layout_basic, serial_curves, eino_curves_02, eino_curves_01,
          lemuel_flame_loot_1, uniq_robin

Skill      XL: |  1  2  3 |
---------------+----------+-----
Unarmed Combat | 4 |  4.3
Fighting       | 2 |  2.1
Dodging        | |  2.6
Shapeshifting  | |  4.5

Action                     || total
---------------------------++-------
  Melee: Unarmed           ||   100
         Punch             ||     2
   Stab: Sleeping          ||     1
 Armour: Animal skin       ||    36
  Dodge: Dodged            ||    85

Table legend: (Time is in decaauts)
 A = Elapsed time spent in this place.
 B = Non-inter-level travel time spent in this place.
 C = Inter-level travel time spent in this place.
 D = Time resting spent in this place.
 E = Time spent auto-exploring this place.
 F = Levels seen in this place.
 G = Mean time per level.
                   A        B        C        D        E       F      G
               +--------+--------+--------+--------+--------+-----+--------+
         Total |    987 |    963 |     24 |      0 |    751 |   2 |  493.5 |
       Dungeon |    987 |    963 |     24 |      0 |    751 |   2 |  493.5 |
               +--------+--------+--------+--------+--------+-----+--------+

Top non-repeatable levels by time:
     D:1: 651 daAuts
     D:2: 335 daAuts
